[ AOE2 MATCH · #505472623 ]
UnrankedPoles vs Tupi
Player's team · LOSS
Rival team · WIN
[ REPLAY ANALYSIS · EXTRACTED FROM THE RECORDED GAME ]
Feudal
9:17
Castle
20:07
Imperial
—
| APM avg | 71.3 |
| APM peak | 109 |
| eAPM avg | 34.4 |
| Villagers / military | 112 / 89 |
Focus
⚔️ 48.3% · 🌾 51.7%
Cavalry Archer ×52 · Archer ×27 · Mangonel ×8 · Skirmisher ×2
Feudal
10:57
Castle
16:19
Imperial
34:16
| APM avg | 41.9 |
| APM peak | 70 |
| eAPM avg | 24.4 |
| Villagers / military | 58 / 8 |
Focus
⚔️ 38.7% · 🌾 61.3%
Unknown (2579) ×24 · Mangonel ×7 · Monk ×1
Match map
Initial resources + every placement click. Lines = walls · curves = elevation contours. ◆ gold · ⬟ stone · ● berries · ✦ relic · ◌ wall gap
Your base· Open — opponent sealed themselves in
DaddySt4rk's base· ✓ Closed at 16:19 · 56t walls · 1 gate(s)
Smoothed initial terrain · ◌ = detected wall gap · hover for details
Inputs per minute
— wR.Prisma - - DaddySt4rk
Build order — wR.Prisma
First 150 of 325 actions detected
| 0:00 | Create | Villager (Male) |
| 0:01 | Build | House |
| 0:02 | Build | House |
| 0:13 | Create | Villager (Male) |
| 0:19 | Create | Villager (Male) |
| 0:21 | Create | Villager (Male) |
| 1:24 | Create | Villager (Male) |
| 1:51 | Create | Villager (Male) |
| 1:55 | Build | Lumber Camp |
| 2:17 | Create | Villager (Male) |
| 2:36 | Create | Villager (Male) |
| 2:50 | Create | Villager (Male) |
| 3:38 | Create | Villager (Male) |
| 3:51 | Build | Mill |
| 4:01 | Create | Villager (Male) |
| 4:30 | Create | Villager (Male) |
| 4:59 | Create | Villager (Male) |
| 5:18 | Create | Villager (Male) |
| 5:24 | Create | Villager (Male) |
| 5:27 | Create | Villager (Male) |
| 5:39 | Create | Villager (Male) |
| 5:45 | Create | Villager (Male) |
| 6:05 | Create | Villager (Male) |
| 6:12 | Create | Villager (Male) |
| 6:14 | Research | Loom |
| 7:07 | Research | Feudal Age |
| 7:24 | Build | Lumber Camp |
| 8:11 | Create | Villager (Male) |
| 8:22 | Build | House |
| 8:26 | Build | Barracks |
| 8:34 | Create | Villager (Male) |
| 9:17 | Age | Feudal Age |
| 9:23 | Build | Watch Tower |
| 9:28 | Build | Archery Range |
| 9:29 | Create | Villager (Male) |
| 9:32 | Build | Watch Tower |
| 9:37 | Create | Villager (Male) |
| 9:50 | Research | Double-Bit Axe |
| 10:02 | Build | House |
| 10:05 | Build | House |
| 10:07 | Create | Villager (Male) |
| 10:13 | Build | Mining Camp |
| 10:24 | Create | Villager (Male) |
| 10:26 | Create | Archer |
| 10:39 | Create | Villager (Male) |
| 10:47 | Create | Villager (Male) |
| 10:55 | Create | Villager (Male) |
| 11:22 | Create | Archer |
| 11:30 | Create | Villager (Male) |
| 11:32 | Create | Villager (Male) |
| 11:32 | Create | Villager (Male) |
| 11:36 | Build | Mining Camp |
| 11:41 | Build | Farm |
| 12:13 | Create | Archer |
| 12:15 | Create | Villager (Male) |
| 12:18 | Create | Villager (Male) |
| 12:19 | Build | House |
| 12:26 | Create | Archer |
| 12:28 | Create | Villager (Male) |
| 12:29 | Build | Farm |
| 12:30 | Build | Farm |
| 12:31 | Build | Farm |
| 12:44 | Create | Villager (Male) |
| 12:44 | Create | Villager (Male) |
| 12:51 | Create | Villager (Male) |
| 12:57 | Create | Villager (Male) |
| 12:59 | Build | Farm |
| 13:04 | Create | Archer |
| 13:20 | Create | Villager (Male) |
| 13:22 | Create | Villager (Male) |
| 13:23 | Create | Villager (Male) |
| 13:36 | Build | House |
| 13:45 | Build | Watch Tower |
| 13:57 | Build | Watch Tower |
| 14:08 | Build | Farm |
| 14:11 | Build | Farm |
| 14:14 | Create | Villager (Male) |
| 14:35 | Create | Villager (Male) |
| 14:41 | Create | Villager (Male) |
| 14:46 | Build | Stone Wall |
| 14:46 | Build | Stone Wall |
| 14:47 | Build | Stone Wall |
| 14:47 | Build | Stone Wall |
| 14:59 | Create | Villager (Male) |
| 15:30 | Build | Stone Wall |
| 15:31 | Build | Stone Wall |
| 15:31 | Build | Stone Wall |
| 15:31 | Build | Stone Wall |
| 15:32 | Build | Stone Wall |
| 15:36 | Create | Villager (Male) |
| 15:38 | Build | Stone Wall |
| 15:45 | Build | Mill |
| 15:45 | Build | Farm |
| 15:45 | Build | Farm |
| 15:45 | Build | Farm |
| 15:46 | Build | Farm |
| 15:46 | Build | Farm |
| 15:54 | Create | Villager (Male) |
| 16:03 | Create | Villager (Male) |
| 16:08 | Build | Farm |
| 16:18 | Create | Villager (Male) |
| 16:28 | Build | Blacksmith |
| 16:46 | Create | Villager (Male) |
| 17:07 | Build | Farm |
| 17:27 | Research | Castle Age |
| 17:38 | Create | Archer |
| 17:46 | Create | Archer |
| 17:46 | Create | Archer |
| 17:55 | Create | Archer |
| 17:58 | Build | Archery Range |
| 18:02 | Research | Fletching |
| 18:04 | Create | Archer |
| 18:24 | Build | Palisade Wall |
| 18:24 | Build | Palisade Wall |
| 18:27 | Create | Villager (Male) |
| 18:30 | Create | Villager (Male) |
| 18:33 | Create | Archer |
| 18:47 | Create | Archer |
| 18:48 | Create | Archer |
| 18:51 | Build | Archery Range |
| 18:53 | Create | Villager (Male) |
| 19:03 | Create | Archer |
| 19:09 | Create | Villager (Male) |
| 19:15 | Research | Horse Collar |
| 19:19 | Create | Archer |
| 19:20 | Create | Villager (Male) |
| 19:27 | Research | Gold Mining |
| 19:28 | Create | Archer |
| 19:42 | Create | Archer |
| 19:45 | Create | Archer |
| 19:46 | Create | Villager (Male) |
| 19:48 | Create | Archer |
| 19:49 | Create | Villager (Male) |
| 19:57 | Create | Villager (Male) |
| 20:02 | Build | House |
| 20:07 | Age | Castle Age |
| 20:09 | Research | Crossbowman (upgrade) |
| 20:19 | Research | Bodkin Arrow |
| 20:19 | Research | Bodkin Arrow |
| 20:22 | Create | Archer |
| 20:22 | Create | Archer |
| 20:22 | Create | Archer |
| 20:26 | Create | Villager (Male) |
| 20:30 | Create | Archer |
| 20:42 | Create | Archer |
| 20:48 | Build | Watch Tower |
| 20:50 | Create | Villager (Male) |
| 20:53 | Build | Watch Tower |
| 21:18 | Create | Villager (Male) |
| 21:22 | Build | House |
Build order — DaddySt4rk
First 150 of 197 actions detected
| 0:02 | Create | Villager (Male) ×4 |
| 0:03 | Build | House |
| 0:04 | Build | House |
| 1:23 | Create | Villager (Male) |
| 1:42 | Create | Villager (Male) |
| 1:51 | Build | Settlement |
| 2:15 | Create | Villager (Male) |
| 2:44 | Create | Villager (Male) |
| 3:00 | Create | Villager (Male) |
| 3:34 | Create | Villager (Male) |
| 3:54 | Create | Villager (Male) |
| 4:24 | Build | Palisade Wall |
| 4:34 | Create | Villager (Male) |
| 4:42 | Build | Palisade Wall |
| 4:44 | Build | Palisade Wall |
| 4:47 | Create | Villager (Male) |
| 4:58 | Build | Palisade Wall |
| 5:00 | Build | Palisade Wall |
| 5:19 | Build | House |
| 5:22 | Create | Villager (Male) |
| 5:34 | Build | Palisade Wall |
| 5:37 | Build | Palisade Wall |
| 5:47 | Create | Villager (Male) |
| 6:01 | Build | Palisade Wall |
| 6:12 | Create | Villager (Male) |
| 6:28 | Create | Villager (Male) |
| 6:45 | Build | Palisade Wall |
| 6:52 | Build | Palisade Wall |
| 6:53 | Build | Palisade Wall |
| 6:58 | Create | Villager (Male) |
| 7:20 | Create | Villager (Male) |
| 7:30 | Build | Settlement |
| 7:52 | Create | Villager (Male) |
| 8:10 | Research | Loom |
| 8:11 | Research | Feudal Age |
| 8:58 | Build | Settlement |
| 9:33 | Build | Palisade Wall |
| 9:36 | Build | Palisade Wall |
| 9:37 | Build | Palisade Wall |
| 9:38 | Build | Palisade Wall |
| 9:52 | Build | Palisade Wall |
| 9:55 | Build | Palisade Wall |
| 9:57 | Build | Palisade Wall |
| 10:40 | Build | Palisade Wall |
| 10:43 | Build | Palisade Wall |
| 10:48 | Create | Villager (Male) |
| 10:57 | Age | Feudal Age |
| 11:09 | Build | Market |
| 11:13 | Create | Villager (Male) |
| 11:14 | Build | Watch Tower |
| 11:23 | Build | Palisade Gate |
| 11:38 | Create | Villager (Male) |
| 12:26 | Create | Villager (Male) |
| 12:40 | Build | Watch Tower |
| 13:01 | Create | Villager (Male) |
| 13:03 | Build | Blacksmith |
| 13:07 | Build | Farm |
| 13:09 | Build | Farm |
| 13:11 | Build | Farm |
| 13:39 | Research | Castle Age |
| 14:14 | Build | House |
| 14:24 | Build | Palisade Wall |
| 14:26 | Build | Palisade Wall |
| 14:40 | Build | Watch Tower |
| 14:45 | Build | Settlement |
| 15:17 | Build | House |
| 15:19 | Build | Palisade Wall |
| 15:56 | Research | Double-Bit Axe |
| 16:19 | Age | Castle Age |
| 16:20 | Create | Villager (Male) |
| 16:38 | Build | Farm |
| 16:39 | Build | Farm |
| 16:44 | Create | Villager (Male) |
| 17:05 | Build | Farm |
| 17:06 | Create | Villager (Male) |
| 17:35 | Create | Villager (Male) |
| 17:37 | Build | Farm |
| 18:01 | Build | Palisade Wall |
| 18:02 | Build | Palisade Wall |
| 18:07 | Create | Villager (Male) |
| 18:19 | Build | Farm |
| 18:27 | Build | Farm |
| 18:29 | Build | Farm |
| 18:36 | Create | Villager (Male) |
| 18:56 | Create | Villager (Male) |
| 19:01 | Build | House |
| 19:09 | Build | Farm |
| 19:15 | Create | Villager (Male) |
| 19:27 | Build | Castle |
| 19:32 | Build | Palisade Wall |
| 19:41 | Create | Villager (Male) |
| 19:49 | Build | Castle |
| 19:55 | Build | Farm |
| 20:09 | Research | Fletching |
| 20:13 | Research | Bow Saw |
| 20:14 | Create | Villager (Male) |
| 20:21 | Build | Siege Workshop |
| 20:27 | Build | Watch Tower |
| 20:40 | Create | Villager (Male) |
| 20:41 | Build | Stone Wall |
| 20:47 | Create | Mangonel |
| 21:05 | Create | Villager (Male) |
| 21:14 | Build | Farm |
| 21:19 | Build | House |
| 21:23 | Build | Stone Wall |
| 21:24 | Build | Stone Wall |
| 21:25 | Build | Stone Wall |
| 21:31 | Build | Settlement |
| 21:33 | Create | Villager (Male) |
| 21:48 | Research | Horse Collar |
| 21:49 | Research | Gold Mining |
| 21:58 | Create | Villager (Male) |
| 22:01 | Create | Unit 2579 |
| 22:01 | Create | Unit 2579 |
| 22:14 | Research | Gold Mining |
| 22:16 | Build | House |
| 22:17 | Build | Palisade Wall |
| 22:19 | Create | Villager (Male) |
| 22:38 | Create | Villager (Male) |
| 22:39 | Create | Unit 2579 |
| 22:39 | Create | Unit 2579 |
| 22:53 | Build | House |
| 23:06 | Create | Villager (Male) |
| 23:15 | Create | Unit 2579 |
| 23:16 | Build | Farm |
| 23:20 | Build | Farm |
| 23:22 | Build | Farm |
| 23:24 | Build | Farm |
| 23:28 | Build | Farm |
| 23:33 | Create | Villager (Male) |
| 23:38 | Create | Unit 2579 |
| 23:38 | Create | Unit 2579 |
| 23:42 | Research | Fletching |
| 24:15 | Create | Villager (Male) |
| 24:15 | Create | Mangonel |
| 24:25 | Create | Unit 2579 |
| 24:37 | Create | Villager (Male) |
| 24:40 | Create | Unit 2579 |
| 24:43 | Research | Gold Shaft Mining |
| 24:52 | Build | House |
| 24:57 | Research | Wheelbarrow |
| 25:03 | Create | Unit 2579 |
| 25:06 | Create | Unit 2579 |
| 25:20 | Build | University |
| 25:27 | Build | Settlement |
| 25:36 | Research | Bodkin Arrow |
| 26:06 | Create | Mangonel |
| 26:12 | Create | Villager (Male) |
| 26:14 | Research | Town Watch |
| 26:20 | Build | Outpost |
Match timeline
| 4:24 | DaddySt4rk · wall_segment Palisade Wall x7 |
| 4:42 | DaddySt4rk · wall_segment Palisade Wall x6 |
| 4:44 | DaddySt4rk · wall_segment Palisade Wall x9 |
| 4:58 | DaddySt4rk · wall_segment Palisade Wall x6 |
| 5:00 | DaddySt4rk · wall_segment Palisade Wall x5 |
| 5:34 | DaddySt4rk · wall_segment Palisade Wall x5 |
| 5:37 | DaddySt4rk · wall_segment Palisade Wall x4 |
| 6:01 | DaddySt4rk · wall_segment Palisade Wall x1 |
| 6:45 | DaddySt4rk · wall_segment Palisade Wall x1 |
| 6:52 | DaddySt4rk · wall_segment Palisade Wall x1 |
| 6:53 | DaddySt4rk · wall_segment Palisade Wall x1 |
| 8:26 | wR.Prisma · first_building Barracks |
| 9:17 | wR.Prisma · age_up feudal |
| 9:28 | wR.Prisma · first_building Archery Range |
| 9:33 | DaddySt4rk · wall_segment Palisade Wall x1 |
| 9:36 | DaddySt4rk · wall_segment Palisade Wall x1 |
| 9:37 | DaddySt4rk · wall_segment Palisade Wall x1 |
| 9:38 | DaddySt4rk · wall_segment Palisade Wall x1 |
| 9:52 | DaddySt4rk · wall_segment Palisade Wall x1 |
| 9:55 | DaddySt4rk · wall_segment Palisade Wall x1 |
| 9:57 | DaddySt4rk · wall_segment Palisade Wall x1 |
| 10:40 | DaddySt4rk · wall_segment Palisade Wall x1 |
| 10:43 | DaddySt4rk · wall_segment Palisade Wall x1 |
| 10:57 | DaddySt4rk · age_up feudal |
| 14:24 | DaddySt4rk · wall_segment Palisade Wall x1 |
| 14:26 | DaddySt4rk · wall_segment Palisade Wall x1 |
| 14:46 | wR.Prisma · wall_segment Stone Wall x1 |
| 14:46 | wR.Prisma · wall_segment Stone Wall x1 |
| 14:47 | wR.Prisma · wall_segment Stone Wall x1 |
| 14:47 | wR.Prisma · wall_segment Stone Wall x1 |
| 15:19 | DaddySt4rk · wall_segment Palisade Wall x1 |
| 15:30 | wR.Prisma · wall_segment Stone Wall x1 |
| 15:31 | wR.Prisma · wall_segment Stone Wall x1 |
| 15:31 | wR.Prisma · wall_segment Stone Wall x1 |
| 15:31 | wR.Prisma · wall_segment Stone Wall x1 |
| 15:32 | wR.Prisma · wall_segment Stone Wall x1 |
| 15:38 | wR.Prisma · wall_segment Stone Wall x1 |
| 16:19 | DaddySt4rk · age_up castle |
| 18:01 | DaddySt4rk · wall_segment Palisade Wall x1 |
| 18:02 | DaddySt4rk · wall_segment Palisade Wall x1 |
| 18:24 | wR.Prisma · wall_segment Palisade Wall x1 |
| 18:24 | wR.Prisma · wall_segment Palisade Wall x1 |
| 19:27 | DaddySt4rk · first_building Castle |
| 19:32 | DaddySt4rk · wall_segment Palisade Wall x1 |
| 20:07 | wR.Prisma · age_up castle |
| 20:19 | DaddySt4rk · first_market_buy 100 wood |
| 20:21 | DaddySt4rk · first_building Siege Workshop |
| 20:41 | DaddySt4rk · wall_segment Stone Wall x1 |
| 21:23 | DaddySt4rk · wall_segment Stone Wall x1 |
| 21:24 | DaddySt4rk · wall_segment Stone Wall x1 |
| 21:25 | DaddySt4rk · wall_segment Stone Wall x1 |
| 22:17 | DaddySt4rk · wall_segment Palisade Wall x1 |
| 25:58 | wR.Prisma · first_building Stable |
| 26:13 | wR.Prisma · first_building Siege Workshop |
| 26:38 | DaddySt4rk · first_market_sell 100 food |
| 28:33 | wR.Prisma · first_market_sell 100 wood |
| 29:47 | DaddySt4rk · first_building Monastery |
| 34:16 | DaddySt4rk · age_up imperial |
| 34:22 | wR.Prisma · resign |
[ AI ANALYSIS · 1 CREDIT ]
What really happened in this match?
Wolo.gg analyzes every decision: build order, eco, micro, common mistakes by bracket. Personalized analysis on WhatsApp or Discord in 30 seconds.
Civ guide
Poles
Perfil
Jugador #3176045